 Dungeon Crawl Stone Soup version 0.29.1-15-g9cfb28693d (webtiles) character file.

Game seed: 18415162893022823151

197 hawla the Chiller (level 6, -6/45 HPs)
             Began as a Meteoran Ice Elementalist on Mar 3, 2023.
             Mangled by Duvessa
             ... wielding a +0 vampiric short sword
              (11 damage)
             ... on level 6 of the Dungeon.
             The game lasted 00:06:15 (862 turns).

hawla the Chiller (Meteoran Ice Elementalist)        Turns: 862, Time: 00:06:15

Health: -6/45      AC:  2    Str:  9    XL:     6   Next: 26%
Magic:  10/13      EV: 12    Int: 19    God:
Gold:   94         SH:  0    Dex: 15    Spells: 5/13 levels left

rFire   . . .      SeeInvis .   h - +2 long sword (venom)
rCold   . . .      Faith    .   (no shield)
rNeg    . . .      Spirit   .   a - +0 robe
rPois   .          Reflect  .   (no helmet)
rElec   .          Harm     .   (no cloak)
rCorr   .          Rampage  .   (no gloves)
Will    .....                   (no boots)
Stlth   +.........              (no amulet)
HPRegen 0.15/turn               (no ring)
MPRegen 0.13/turn               (no ring)

@: very slightly contaminated, glowing
A: sense surroundings 1, otherworldly, glowing, explore regen
a: no special abilities


You were on level 6 of the Dungeon.
You visited 1 branch of the dungeon, and saw 4 of its levels.

You collected 94 gold pieces.

Inventory:

Hand Weapons
 e - a +1 vampiric dagger
 h - a +2 long sword of venom (weapon)
Armour
 a - a +0 robe (worn)
Wands
 g - a wand of roots (12)
Scrolls
 f - 3 scrolls of blinking
 i - a scroll of torment {unknown}
Potions
 b - a potion of magic
 d - a potion of brilliance
 k - a potion of flight {unknown}


   Skills:
 - Level 0.1 Fighting
 - Level 2.6 Dodging
 - Level 1.4 Stealth
 - Level 4.4 Spellcasting
 + Level 4.1 Conjurations
 - Level 5.2 Ice Magic


You had 5 spell levels left.
You knew the following spells:

 Your Spells              Type           Power      Damage    Failure   Level
a - Freeze                Ice            96%        1d11      1%          1
b - Frozen Ramparts       Ice            48%        1d8       4%          3
c - Hailstorm             Conj/Ice       21%        3d6       19%         4

Your spell library contained the following spells:

 Spells                   Type           Power      Damage    Failure   Level
 Ozocubu's Armour         Ice            24%        N/A       4%          3
 Foxfire                  Conj/Fire      48%        2x1d6     6%          1
 Conjure Flame            Conj/Fire      12%        6-21      17%         3
 Inner Flame              Hex/Fire       4%         N/A       36%         3
 Flame Wave               Conj/Fire      12%        2d6       50%         4


Dungeon Overview and Level Annotations

Branches:
Dungeon (3/15) Zot: 1537

Altars:

Annotations:
D:6 Dowan, Duvessa


Innate Abilities, Weirdness & Mutations

You passively map a small area around you.
You are easily found by Zot.
You glow in the dark.
You regain HP and MP as you explore.


Message History

Duvessa hits you with a +0 vampiric short sword!
* * * LOW HITPOINT WARNING * * *
Duvessa draws strength from your wounds!
You closely miss Duvessa.
Duvessa is lightly wounded.
Duvessa hits you with a +0 vampiric short sword!
* * * LOW HITPOINT WARNING * * *
Duvessa draws strength from your wounds!
Duvessa hits you with a +0 vampiric short sword.
* * * LOW HITPOINT WARNING * * *
You bump into the rock wall.
You feel less invigorated.
You feel less confused.
Duvessa hits you with a +0 vampiric short sword.
* * * LOW HITPOINT WARNING * * *
Unknown command.
You slash Duvessa!
Duvessa is poisoned.
Duvessa is moderately wounded.
Duvessa hits you with a +0 vampiric short sword.
* * * LOW HITPOINT WARNING * * *
Dowan gestures at Duvessa while chanting.
Duvessa seems to speed up.
Unknown command.
You feel better. Duvessa hits you but does no damage.
Duvessa closely misses you.
Casting: Hailstorm (quite dangerous; 19% risk of failure)
Confirm with . or Enter, or press ? or * to list all spells.
The spell is quite dangerous to miscast (19% risk of failure)!
Continue anyway?
Casting: Hailstorm (quite dangerous; 19% risk of failure)
Press: ? - help, Dir - look around, f - activate A cannonade of hail descends around you!
The hail pelts Dowan!
Dowan is heavily wounded.
Duvessa hits you with a +0 vampiric short sword!
* * * LOW HITPOINT WARNING * * *
Duvessa draws strength from your wounds!
You feel better.
Duvessa hits you with a +0 vampiric short sword!
* * * LOW HITPOINT WARNING * * *
Duvessa hits you with a +0 vampiric short sword!
You die...

< , , #### *
,, #..### *,
#....####
#### , , *,
#.......#
##...
#@..†...#
##.... ,
**#.#ee.....#
#.....
*#........#
#..... *
#........#
#.....
#.........#
##..... ,
#........##
#......
#.........#
#...... ,
#..........#
#......
#..........#
####...


You could see Duvessa (fast, very poisoned) and Dowan.

Vanquished Creatures
  A howler monkey (D:6)
  A hound (D:6)
  Jessica (D:2)
  An orc wizard (D:3)
  3 gnolls (D:3)
  A dart slug (D:3)
  6 orcs (D:3)
  3 endoplasms
  4 hobgoblins
  5 jackals
  2 quokkas (D:3)
  A ball python (D:3)
  4 bats
  2 frilled lizards (D:2)
  4 kobolds
  2 rats
41 creatures vanquished.

Notes
Turn   | Place    | Note
-------+----------+-------------------------------------------
     0 | D:1      | hawla the Meteoran Ice Elementalist began the quest for the
                  | Orb.
     0 | D:1      | Reached XP level 1. HP: 14/14 MP: 5/5
   157 | D:2      | Reached XP level 2. HP: 14/20 MP: 2/6
   183 | D:2      | Noticed Jessica
   193 | D:2      | Killed Jessica
   194 | D:2      | Reached skill level 5 in Ice Magic
   194 | D:2      | Reached XP level 3. HP: 25/26 MP: 1/8
   198 | D:2      | Learned a level 3 spell: Frozen Ramparts
   300 | D:3      | Reached XP level 4. HP: 16/33 MP: 5/10
   638 | D:3      | Learned a level 4 spell: Hailstorm
   683 | D:3      | Reached XP level 5. HP: 38/38 MP: 6/12
   799 | D:3      | You fall into a shaft and drop 3 floors!
   813 | D:6      | Reached XP level 6. HP: 39/45 MP: 3/13
   846 | D:6      | Noticed Duvessa
   849 | D:6      | Noticed Dowan
   861 | D:6      | HP: 2/45 [Duvessa/+0 vampiric short sword (9)]
   862 | D:6      | Mangled by Duvessa

Illustrated notes

Levels and vault maps discovered:
D:1:      minmay_arrival_nine_rooms, layout_loops_ring,
          ebering_ecumenical_altar_petrified, serial_rivers,
          chequers_serial_rivers_micro_d, chequers_serial_rivers_micro_c,
          chequers_serial_rivers_room_a, chequers_serial_rivers_small_b,
          chequers_serial_rivers_micro_e
D:2:      layout_basic, ebering_dispersal_statue_hall, uniq_jessica
D:3:      layout_basic, grunt_ministairs_6, st_stairs_5
D:6:      layout_cave_pods, minmay_misc_feat_ornament, uniq_duvessa

Skill      XL: |  1  2  3  4  5  6 |
---------------+-------------------+-----
Spellcasting   | 3 4 |  4.4
Ice Magic      | 5 |  5.2
Conjurations   | 3 4 |  4.1
Fighting       | |  0.1
Dodging        | |  2.6
Stealth        | |  1.4

Action                   |  1- 3 |  4- 6 || total
-------------------------+-------+-------++-------
Melee: Unarmed           |     2 |       ||     2
       Punch             |     1 |       ||     1
       Dagger            |     1 |    29 ||    30
       Long sword        |       |     3 ||     3
 Cast: Freeze            |    20 |     9 ||    29
       Frozen Ramparts   |     2 |    12 ||    14
       Hailstorm         |       |     3 ||     3
  Use: Scroll            |     2 |       ||     2
       Potion            |     1 |     5 ||     6
Armor: Robe              |       |     5 ||     5
Dodge: Dodged            |    16 |    19 ||    35
